[Event "*** Titled Tuesday Blitz"]
[Site "Chess.com"]
[Date "2021.03.30"]
[Round "6"]
[White "Tacticus_Severus"]
[Black "AniJak"]
[Result "0-1"]
[WhiteElo "2063"]
[BlackElo "2314"]
[TimeControl "180+1"]
[EndTime "11:04:03 PDT"]
[Termination "AniJak won by resignation"]

1. e4 c6 2. d4 d5 3. Nc3 dxe4 4. Nxe4 Nf6 5. Nxf6+ exf6 6. c3 Bd6 7. Bd3 O-O 8. Qh5 g6 9. Qh4 Re8+ 10. Ne2 Nd7 11.
O-O Nf8 12. Bf4 Rxe2 13. Bxd6 Rxb2 14. Bxf8 Qxf8 15. Qxf6 Be6 16. Rfb1 Qa3 17. h4 Qxc3 18.
h5 Rxb1+ 19. Rxb1 Qxd3 20. h6 Qxb1+ 21. Kh2 Kf8 22. Qh8+ Ke7 23. Qxa8 Qb4 24. Qh8 Qd6+ 25. Kg1 b5 26. Qxh7 Qxd4 27. Qg8 Qd1+ 28. Kh2 Qh5+ 0-1

[Event "*** Titled Tuesday Blitz"]
[Site "Chess.com"]
[Date "2021.03.30"]
[Round "6"]
[White "GMRafpig"]
[Black "Omk124"]
[Result "0-1"]
[WhiteElo "2586"]
[BlackElo "2494"]
[TimeControl "180+1"]
[EndTime "11:04:05 PDT"]
[Termination "Omk124 won by resignation"]

1. c4 Nf6 2. Nc3 g6 3. e4 d6 4.
d4 Bg7 5. Bd3 O-O 6. Nge2 e5 7.
d5 Na6 8. O-O Nc5 9. Bc2 a5 10.
f3 Bd7 11. Be3 b6 12. Qd2 Nh5 13. Rae1 f5 14. exf5 gxf5 15. f4 Qh4 16. Bf2 Qg4 17. h3 Qg6 18. Kh1 Bh6 19. Be3 exf4 20. Bxf4 Bxf4 21. Nxf4 Ng3+ 22. Kg1 Nxf1 23. Rxf1 Qh6 24. Rf3 Kh8 25. Rg3 Qf6 26. Nh5 Qe5 27. Qh6 Rf7 28.
Ne2 Qxe2 29. Nf6 Qe1+ 30. Kh2 Qe5 0-1

[Event "*** Titled Tuesday Blitz"]
[Site "Chess.com"]
[Date "2021.03.30"]
[Round "6"]
[White "xImpervious"]
[Black "fQ-System"]
[Result "0-1"]
[WhiteElo "2126"]
[BlackElo "2297"]
[TimeControl "180+1"]
[EndTime "11:04:09 PDT"]
[Termination "fQ-System won by resignation"]

1. e4 c6 2. d4 d5 3. f3 Qb6 4. c3 e5 5. exd5 exd4 6. Qxd4 Bc5 7. Qe4+ Kf8 8. Nh3 Nf6 9. Qe2 Bxh3 10. gxh3 Nbd7 11.
Qg2 Re8+ 12. Be2 Ne5 13. Kd1 Nxd5 14. Na3 Be3 15. Nc2 Rd8 16. Ke1 Nf4 17. Qg3 Bf2+ 18. Qxf2 Nfd3+ 19. Bxd3 Nxd3+ 0-1

[Event "*** Titled Tuesday Blitz"]
[Site "Chess.com"]
[Date "2021.03.30"]
[Round "6"]
[White "abykhovsky"]
[Black "Yurovskykh_Oleksandr"]
[Result "0-1"]
[WhiteElo "2697"]
[BlackElo "2543"]
[TimeControl "180+1"]
[EndTime "11:04:10 PDT"]
[Termination "Yurovskykh_Oleksandr won by resignation"]

1. Nf3 d5 2. g3 c6 3. Bg2 Bg4 4. O-O Nd7 5. d4 e6 6. Nbd2 Ngf6 7. Re1 Be7 8. e4 O-O 9. h3 Bh5 10. c3 Bg6 11. e5 Ne8 12. Nb3 c5 13. Be3 c4 14. Nc1 Nc7 15. Ne2 b5 16. Nf4 b4 17.
h4 Be4 18. Bf1 h6 19. Nd2 Bh7 20. h5 bxc3 21. bxc3 Ba3 22. Qg4 Bb2 23. Nxd5 exd5 24. Bxh6 Ne6 25. Nxc4 dxc4 26. Bxc4 Kh8 27. Bxe6 gxh6 28.
Bxd7 Bxc3 0-1

[Event "*** Titled Tuesday Blitz"]
[Site "Chess.com"]
[Date "2021.03.30"]
[Round "6"]
[White "IsaacWiebe"]
[Black "Michaelson_11"]
[Result "1-0"]
[WhiteElo "2296"]
[BlackElo "2234"]
[TimeControl "180+1"]
[EndTime "11:04:10 PDT"]
[Termination "IsaacWiebe won on time"]

1. d4 Nf6 2. f4 g6 3. e3 Bg7 4. Nf3 d6 5. c3 O-O 6. Bd3 Nbd7 7.
O-O c5 8. e4 Qc7 9. Qe2 b6 10.
Nbd2 Bb7 11. h3 e5 12. fxe5 dxe5 13. d5 Ne8 14. Nc4 b5 15. Ne3 c4 16. Bc2 Nd6 17. Ng4 f5 18. Nh6+ Bxh6 19. Bxh6 Rf7 20. Ng5 Rf6 21. Ne6 Rxe6 22. dxe6 1-0

[Event "*** Titled Tuesday Blitz"]
[Site "Chess.com"]
[Date "2021.03.30"]
[Round "6"]
[White "Nozdrachev_Leonid"]
[Black "moro182"]
[Result "0-1"]
[WhiteElo "2539"]
[BlackElo "2728"]
[TimeControl "180+1"]
[EndTime "11:04:12 PDT"]
[Termination "moro182 won by resignation"]

1. e4 g6 2. d4 Bg7 3. Nc3 d6 4. Nf3 Nf6 5. Be2 O-O 6. O-O a6 7. a4 Nc6 8. h3 e6 9. Be3 b6 10.
d5 exd5 11. exd5 Ne7 12. Bg5 h6 13. Bh4 Nf5 14. Bxf6 Qxf6 15. Bd3 Bd7 16. Rb1 Rfe8 17. Re1 Rxe1+ 18. Qxe1 Re8 19. Qd2 Bc8 20. Re1 Rxe1+ 21. Qxe1 Qe7 22. Qd2 Qe8 23. Kf1 Kf8 24. Qe2 Qxe2+ 25.
Kxe2 Ne7 26. Bc4 Bxc3 27. bxc3 Bb7 28. Nd4 Nxd5 29. Bxd5 Bxd5 30. g3 c5 31. Nb3 Bxb3 32. cxb3 d5 33. c4 Ke7 34. a5 bxa5 35. cxd5 Kd6 36.
Kd3 Kxd5 37. Kc3 a4 38. bxa4 c4 0-1

[Event "*** Titled Tuesday Blitz"]
[Site "Chess.com"]
[Date "2021.03.30"]
[Round "6"]
[White "Piotrek1979"]
[Black "mr65"]
[Result "1-0"]
[WhiteElo "2324"]
[BlackElo "2102"]
[TimeControl "180+1"]
[EndTime "11:04:13 PDT"]
[Termination "Piotrek1979 won by resignation"]

1. Nf3 Nf6 2. b3 g6 3. Bb2 Bg7 4. g3 O-O 5. Bg2 d5 6. O-O c5 7. e3 Nc6 8. c4 d4 9. exd4 Nxd4 10. Nxd4 cxd4 11. Re1 Bf5 12. d3 Qd7 13. b4 Bg4 14.
Qb3 Bh3 15. Nd2 Bxg2 16. Kxg2 e6 17. b5 b6 18. Qd1 Nh5 19. Qf3 Rab8 20. a4 Qb7 21. a5 Qxf3+ 22. Kxf3 Bf6 23. axb6 axb6 24. Ra6 Ng7 25. Ne4 Be5 26. Ba3 Rfd8 27. Be7 Re8 28.
Bf6 Nf5 29. Bxe5 1-0

[Event "*** Titled Tuesday Blitz"]
[Site "Chess.com"]
[Date "2021.03.30"]
[Round "6"]
[White "northridgehawk"]
[Black "ljuks68"]
[Result "0-1"]
[WhiteElo "2307"]
[BlackElo "2480"]
[TimeControl "180+1"]
[EndTime "11:04:16 PDT"]
[Termination "ljuks68 won by checkmate"]

1. e4 e6 2. Nc3 d5 3. Nf3 Nf6 4. e5 Nfd7 5. d4 c5 6. dxc5 Nc6 7. Bf4 Nxc5 8. Bd3 Be7 9. O-O g5 10. Bg3 h5 11. h4 g4 12. Ng5 Bxg5 13. hxg5 Qxg5 14.
f4 Qe7 15. Bf2 Bd7 16. Re1 O-O-O 17. Nb5 Nxd3 18. cxd3 Kb8 19. Nd6 g3 20. Bc5 Qh4 21. Kf1 Qh1+ 22. Bg1 Nd4 23. Rc1 h4 24. Qd2 h3 25.
gxh3 Qf3+ 26. Bf2 Rxh3 27. Kg1 Rh1# 0-1

[Event "*** Titled Tuesday Blitz"]
[Site "Chess.com"]
[Date "2021.03.30"]
[Round "6"]
[White "jamalm2"]
[Black "BJthechessgod"]
[Result "0-1"]
[WhiteElo "1973"]
[BlackElo "2324"]
[TimeControl "180+1"]
[EndTime "11:04:22 PDT"]
[Termination "BJthechessgod won by resignation"]

1. e4 c5 2. Nf3 Nc6 3. Bb5 g6 4. O-O Bg7 5. c3 Nf6 6. Re1 O-O 7. e5 Nd5 8. d4 cxd4 9. cxd4 a6 10. Bf1 b5 11.
Nc3 Nxc3 12. bxc3 d5 13. exd6 Qxd6 14. g3 Bb7 15. Bg2 Na5 16. Bf4 Qd8 17. a4 Nc4 18. axb5 axb5 19. Rxa8 Bxa8 20. Qb3 Bc6 21. Ne5 Bxg2 22. Kxg2 Bxe5 23. Bxe5 Qa8+ 24. f3 Qxf3+ 25. Kxf3 Nd2+ 26. Ke3 Nxb3 27. Rb1 Na5 28. Rxb5 Nc4+ 29. Kd3 Rc8 30. Rb8 Nxe5+ 31. dxe5 Rxb8 32. Kd4 e6 33. c4 Kf8 34. Kc5 Ke7 35. Kc6 Rc8+ 36. Kb5 Kd7 37. c5 Rb8+ 38. Kc4 Kc6 39. Kd4 Rb4+ 40.
Ke3 Kxc5 41. h4 Kd5 42. Kf3 Kxe5 0-1

[Event "*** Titled Tuesday Blitz"]
[Site "Chess.com"]
[Date "2021.03.30"]
[Round "6"]
[White "eduardoperalta"]
[Black "Nayemhaque22"]
[Result "0-1"]
[WhiteElo "2490"]
[BlackElo "2381"]
[TimeControl "180+1"]
[EndTime "11:04:25 PDT"]
[Termination "Nayemhaque22 won by resignation"]

1. d4 d5 2. Nf3 Nf6 3. c4 e6 4. Nc3 c6 5. e3 Nbd7 6. Bd3 dxc4 7.
Bxc4 b5 8. Bb3 b4 9. Na4 Ba6 10. Nd2 c5 11. Nc4 cxd4 12. exd4 Rc8 13. Qe2 Qc7 14. Nc5 Bxc5 15. dxc5 Qxc5 16. Be3 Bxc4 17. Bxc5 Bxe2 18. Bxb4 Ba6 19. f3 Nd5 20. Ba3 Nc5 21. Bc2 Nd3+ 22. Bxd3 Bxd3 23. Kd2 Bg6 24. Rac1 Kd7 25.
h4 h5 26. b3 Bf5 27. Bb2 f6 28. Bd4 e5 29. Bc5 a5 30. Rhd1 Rc6 31. Ke2 Ke6 32. Bf2 Nf4+ 33. Kf1 Bd3+ 34. Ke1 Nxg2+ 35. Kd2 Rd6 36. Rg1 Bf5+ 37. Kc3 Nf4 0-1

[Event "*** Titled Tuesday Blitz"]
[Site "Chess.com"]
[Date "2021.03.30"]
[Round "6"]
[White "lacafi"]
[Black "Vasily85"]
[Result "1-0"]
[WhiteElo "2230"]
[BlackElo "2399"]
[TimeControl "180+1"]
[EndTime "11:04:25 PDT"]
[Termination "lacafi won by resignation"]

1. d4 Nf6 2. Nf3 e6 3. e3 c5 4. Bd3 Nc6 5. c3 d5 6. Nbd2 Bd6 7. Qe2 O-O 8. dxc5 Bxc5 9. e4 dxe4 10. Nxe4 Nxe4 11.
Bxe4 Bd7 12. O-O Qc7 13. Bxh7+ Kxh7 14. Qe4+ Kg8 15. Ng5 Rfd8 16. Qh7+ Kf8 17. Qh8+ Ke7 18.
Qxg7 Rf8 19. Ne4 1-0

[Event "*** Titled Tuesday Blitz"]
[Site "Chess.com"]
[Date "2021.03.30"]
[Round "6"]
[White "AldokhinIvan"]
[Black "Nemsko"]
[Result "1-0"]
[WhiteElo "2525"]
[BlackElo "2328"]
[TimeControl "180+1"]
[EndTime "11:04:26 PDT"]
[Termination "AldokhinIvan won by resignation"]

1. e4 c5 2. Nf3 d6 3. d4 cxd4 4. Nxd4 Nf6 5. Nc3 Nc6 6. Bg5 e6 7. Qd2 Bd7 8. h4 a6 9. O-O-O b5 10. f3 h6 11. Be3 Be7 12. g4 Qa5 13. Nb3 Qc7 14.
Be2 Ne5 15. g5 Ng8 16. f4 Nc4 17. Bxc4 bxc4 18. Nd4 Rb8 19. f5 Qa5 20. g6 fxg6 21.
fxe6 Bb5 22. Qg2 Bf6 23. Qxg6+ Kd8 24. Ndxb5 axb5 25. Rxd6+ Kc7 26. Rd7+ Kc8 27. Qe8+ Bd8 28. Nd5 1-0

[Event "*** Titled Tuesday Blitz"]
[Site "Chess.com"]
[Date "2021.03.30"]
[Round "6"]
[White "Deepweb2020"]
[Black "losersgame"]
[Result "0-1"]
[WhiteElo "2497"]
[BlackElo "2341"]
[TimeControl "180+1"]
[EndTime "11:04:28 PDT"]
[Termination "losersgame won by checkmate"]

1. d4 Nf6 2. c4 Nc6 3. d5 Ne5 4. e3 e6 5. f4 Ng6 6. Nc3 exd5 7. cxd5 Bc5 8. e4 d6 9. Bd3 O-O 10. Nf3 c6 11. dxc6 bxc6 12. Qe2 Re8 13. Be3 Bb4 14.
Bf2 Nxf4 15. Qe3 Nxg2+ 16. Kd2 Nxe3 17. Bxe3 Nxe4+ 18. Kc2 Nxc3 19. Bd4 Nd5 20. Rhg1 f6 21. a3 Bc5 22. Bc3 Nxc3 23. bxc3 Bxg1 24. Rxg1 Qa5 25. Nd4 Bd7 26. h4 c5 27. Bc4+ Kh8 28. Nf3 Qa4+ 29.
Bb3 Bf5+ 30. Kb2 Re2+ 31. Kc1 Qxb3 32. Nd2 Qxc3+ 33. Kd1 Qxd2# 0-1

[Event "*** Titled Tuesday Blitz"]
[Site "Chess.com"]
[Date "2021.03.30"]
[Round "6"]
[White "MF1966Idrisov"]
[Black "Skat2704"]
[Result "1/2-1/2"]
[WhiteElo "2363"]
[BlackElo "2615"]
[TimeControl "180+1"]
[EndTime "11:04:34 PDT"]
[Termination "Game drawn by repetition"]

1. Nf3 d5 2. b3 c5 3. Bb2 Nc6 4.
e3 e6 5. d4 Nf6 6. Bd3 Be7 7.
Nbd2 O-O 8. O-O b6 9. Ne5 Bb7 10. a3 Rc8 11. f4 Bd6 12. Qf3 Ne7 13. Qh3 Ng6 14. g4 c4 15. bxc4 dxc4 16. Ndxc4 Bxe5 17. dxe5 Ne4 18. Rad1 Qc7 19. Nd6 Nxd6 20. exd6 Qc5 21. Bd4 Qxd6 22. Bxg6 fxg6 23. Bxg7 Qc6 24. Bxf8 Rxf8 25.
Rd2 e5 26. Qg3 Qe4 27. f5 Rc8 28. h4 Qh1+ 29. Kf2 Qe4 30. Rfd1 Rxc2 31. fxg6 hxg6 32.
h5 g5 33. Rxc2 Qxc2+ 34. Ke1 Qc3+ 35. Rd2 Qc1+ 36. Rd1 Qc3+ 37. Rd2 Qc1+ 38. Rd1 Qc3+ 1/2-1/2

[Event "*** Titled Tuesday Blitz"]
[Site "Chess.com"]
[Date "2021.03.30"]
[Round "6"]
[White "NiranjanNavalgund"]
[Black "Rodalquilar"]
[Result "0-1"]
[WhiteElo "2501"]
[BlackElo "2654"]
[TimeControl "180+1"]
[EndTime "11:04:38 PDT"]
[Termination "Rodalquilar won by resignation"]

1. d4 d5 2. Nf3 Nf6 3. c4 e6 4.
g3 Be7 5. Bg2 O-O 6. O-O dxc4 7.
Qc2 a6 8. a4 Bd7 9. Qxc4 Bc6 10.
Bg5 a5 11. Nc3 Ra6 12. Bxf6 Bxf6 13. e4 Rb6 14. e5 Be7 15. Nb5 Bd5 16. Qe2 c6 17.
Nc3 Rb4 18. Rfd1 Qb6 19. Rd2 Bc4 20. Qe3 Na6 21. h4 Nc7 22. Ng5 h6 23. Nge4 Nd5 24.
Nxd5 Bxd5 25. Nc5 Rd8 26. Be4 Bxe4 27. Nxe4 Rdxd4 28. Rxd4 Qxd4 29. Qxd4 Rxd4 30. Nc3 Bb4 31. Kg2 Kf8 32. Kf1 Rc4 33. Ne2 Rc2 34. b3 Rb2 35.
Nc1 Bc3 36. Kg2 Bd4 37. Nd3 Rd2 38. Rc1 Rxd3 39. f4 Rxb3 0-1

[Event "*** Titled Tuesday Blitz"]
[Site "Chess.com"]
[Date "2021.03.30"]
[Round "6"]
[White "DenLaz"]
[Black "Revnov"]
[Result "1-0"]
[WhiteElo "2844"]
[BlackElo "2671"]
[TimeControl "180+1"]
[EndTime "11:04:39 PDT"]
[Termination "DenLaz won by resignation"]

1. d4 d5 2. c4 e6 3. Nf3 c6 4. Qc2 Nf6 5. g3 Nbd7 6. Nbd2 Bb4 7. Bg2 O-O 8. O-O Qe7 9. e4 Bxd2 10. Nxd2 dxc4 11.
Nxc4 b6 12. Bf4 Ne8 13. Rfd1 Ba6 14. Rac1 Rc8 15. Qa4 Bxc4 16. Qxc4 Nef6 17. Qa6 e5 18. dxe5 Nxe5 19. h3 c5 20. Be3 Nc6 21. Re1 Rfd8 22. a3 Nd4 23. Bf4 h6 24. b4 g5 25. Be3 Kg7 26.
Bxd4 1-0

[Event "*** Titled Tuesday Blitz"]
[Site "Chess.com"]
[Date "2021.03.30"]
[Round "6"]
[White "IljaJoke"]
[Black "KaterynaLagno"]
[Result "0-1"]
[WhiteElo "2509"]
[BlackElo "2688"]
[TimeControl "180+1"]
[EndTime "11:04:39 PDT"]
[Termination "KaterynaLagno won by resignation"]

1. e4 e5 2. Nf3 Nc6 3. Bc4 Bc5 4. c3 Nf6 5. d3 d6 6. O-O a6 7. a4 Bb6 8. Nbd2 O-O 9. h3 h6 10. Re1 Re8 11. Nf1 Ne7 12. Ng3 Ng6 13. d4 c6 14. Bb3 Be6 15. Be3 exd4 16. Bxd4 Nf4 17. Bxe6 Rxe6 18. Qd2 N6h5 19. Nxh5 Nxh5 20. Bxb6 Qxb6 21.
a5 Qd8 22. g3 Qe7 23. Qd4 Re8 24. Rad1 Nf6 25. Nh4 Nxe4 26. Nf5 Qg5 27. Nxg7 Qxg7 0-1

[Event "*** Titled Tuesday Blitz"]
[Site "Chess.com"]
[Date "2021.03.30"]
[Round "6"]
[White "Stormeman100100"]
[Black "Agoking701"]
[Result "1-0"]
[WhiteElo "2510"]
[BlackElo "2317"]
[TimeControl "180+1"]
[EndTime "11:04:44 PDT"]
[Termination "Stormeman100100 won by resignation"]

1. d4 Nf6 2. Bf4 g6 3. Nc3 d5 4.
e3 Bg7 5. h4 h5 6. Nf3 Bg4 7. Be2 c5 8. Ne5 Bxe2 9. Qxe2 Nc6 10. O-O-O e6 11. dxc5 O-O 12. Nxc6 bxc6 13. Bd6 Re8 14.
e4 Qa5 15. e5 Nd7 16. g4 Nxc5 17. gxh5 Ne4 18. Nxe4 dxe4 19. hxg6 fxg6 20. h5 Qxa2 21. hxg6 Rab8 22. Qh5 Qxb2+ 23. Kd2 Qd4+ 24. Ke1 Qc3+ 25. Kf1 Qc4+ 26. Kg1 1-0

[Event "*** Titled Tuesday Blitz"]
[Site "Chess.com"]
[Date "2021.03.30"]
[Round "6"]
[White "korbul"]
[Black "Rozum_Ivan"]
[Result "0-1"]
[WhiteElo "2576"]
[BlackElo "2743"]
[TimeControl "180+1"]
[EndTime "11:04:45 PDT"]
[Termination "Rozum_Ivan won by resignation"]

1. d4 d5 2. Nf3 Nf6 3. Bf4 c5 4. e3 Nc6 5. Nbd2 cxd4 6. exd4 Bf5 7. c3 e6 8. Qb3 Qb6 9. Qxb6 axb6 10. Bb5 Nd7 11.
Ne5 Ndxe5 12. Bxe5 Kd7 13. Bg3 Bd6 14. f3 f6 15. O-O h5 16. Rfe1 h4 17. Bxd6 Kxd6 18. Nf1 Bg6 19. Ne3 Bh5 20. Kf2 Ra5 21. Bf1 g5 22. a3 Ne7 23. Rad1 Raa8 24. c4 Rac8 25. b4 Bf7 26. c5+ bxc5 27. bxc5+ Kc7 28. Rb1 Ra8 29. Rb3 Ra7 30. Reb1 Rha8 31. Ng4 Nc6 32. Nxf6 Nxd4 33. Rb6 Nc6 34. Bd3 Nd8 35. Ng4 Rxa3 36. Ne5 Be8 37. R6b2 Ra2 38. g3 Rxb2+ 39. Rxb2 Ra3 40. f4 hxg3+ 41.
Kxg3 Nc6 42. Rd2 Nxe5 43. fxe5 Bg6 0-1

[Event "*** Titled Tuesday Blitz"]
[Site "Chess.com"]
[Date "2021.03.30"]
[Round "6"]
[White "MerryPoppies"]
[Black "kuba2006"]
[Result "0-1"]
[WhiteElo "2210"]
[BlackElo "2341"]
[TimeControl "180+1"]
[EndTime "11:04:45 PDT"]
[Termination "kuba2006 won by resignation"]

1. d4 Nf6 2. c4 d6 3. Nf3 Nbd7 4. Nc3 e5 5. e4 g6 6. d5 Nc5 7. Bg5 h6 8. Bxf6 Qxf6 9. Be2 Be7 10. b4 Nd7 11.
Nb5 Bd8 12. Rc1 a6 13. Nc3 b6 14. Qd2 Qg7 15. O-O O-O 16. h3 f5 17. Nh2 Bg5 18.
Qc2 Bxc1 19. Qxc1 f4 20. Bg4 a5 21. Be6+ Kh8 22. a3 Nf6 23. Bxc8 Rfxc8 24. Nf3 g5 25. c5 Nd7 26. c6 Nf6 27. Nh2 g4 28. hxg4 Nxg4 29. b5 Rg8 30. Nxg4 Qxg4 31. g3 fxg3 32. f3 Qh3 33. Qd2 g2 0-1

[Event "*** Titled Tuesday Blitz"]
[Site "Chess.com"]
[Date "2021.03.30"]
[Round "6"]
[White "Danny_Billiards"]
[Black "OK97"]
[Result "0-1"]
[WhiteElo "2582"]
[BlackElo "2802"]
[TimeControl "180+1"]
[EndTime "11:04:48 PDT"]
[Termination "OK97 won by checkmate"]

1. d4 Nf6 2. Nf3 e6 3. Bf4 c5 4.
e3 cxd4 5. exd4 b6 6. c3 Be7 7. h3 O-O 8. Bd3 Ba6 9. O-O Bxd3 10. Qxd3 d6 11. Nbd2 Nbd7 12. Qe2 Qc7 13. a4 a6 14. Bh2 Qc6 15. Ne1 b5 16. axb5 axb5 17. Nd3 Nd5 18. Bg3 N7b6 19. Ne4 Nc4 20. Kh2 Rxa1 21.
Rxa1 f5 22. Nxd6 Bxd6 23. Qxe6+ Kh8 24. Ne5 Qb7 25. f4 Nde3 26. Nd7 Qxg2# 0-1

[Event "*** Titled Tuesday Blitz"]
[Site "Chess.com"]
[Date "2021.03.30"]
[Round "6"]
[White "attack2mateU"]
[Black "Savagelittlemole"]
[Result "1-0"]
[WhiteElo "2746"]
[BlackElo "2528"]
[TimeControl "180+1"]
[EndTime "11:04:48 PDT"]
[Termination "attack2mateU won by resignation"]

1. e4 c5 2. Nf3 d6 3. d4 cxd4 4.
Nxd4 Nf6 5. Nc3 a6 6. Be2 e5 7. Nb3 Be7 8. O-O O-O 9. Be3 Be6 10.
Nd5 Nbd7 11. Qd3 Bxd5 12. exd5 b5 13. a4 bxa4 14. Rxa4 Nb6 15. Ra5 Qc7 16. c4 Rfb8 17. Rfa1 Qb7 18. R5a3 Nbd7 19. Na5 Qxb2 20. Nc6 Re8 21.
Rb1 e4 22. Rxb2 exd3 23. Bxd3 Ng4 24. Rb7 Nxe3 25. Rxd7 Ng4 26. Rxe7 Kf8 27. Rxe8+ Rxe8 28. Rxa6 Re1+ 29. Bf1 f5 30. Nd4 g6 31. Rxd6 Ne5 32. Nf3 Nxf3+ 33. gxf3 Ke7 34. Re6+ Rxe6 35. dxe6 Kxe6 36. f4 Kd6 37. Kg2 Kc5 38. Kg3 Kd4 39. Kf3 h6 40. h4 Kc5 41. Ke3 1-0

[Event "*** Titled Tuesday Blitz"]
[Site "Chess.com"]
[Date "2021.03.30"]
[Round "6"]
[White "Grieve72"]
[Black "KarateBaby"]
[Result "0-1"]
[WhiteElo "2463"]
[BlackElo "2322"]
[TimeControl "180+1"]
[EndTime "11:04:50 PDT"]
[Termination "KarateBaby won by checkmate"]

1. d4 Nf6 2. Bg5 g6 3. Bxf6 exf6 4. e3 b6 5. c4 Bb7 6. Nc3 Bg7 7. Nf3 O-O 8. Bd3 f5 9. Qe2 d6 10. O-O-O Nd7 11. h3 Nf6 12. Rdg1 h5 13. Kb1 c5 14. d5 a6 15. g4 fxg4 16. hxg4 Nxg4 17. Ne4 b5 18. Qf1 bxc4 19. Bxc4 Bc8 20. Nh4 Rb8 21. b3 Re8 22. Qg2 Rxe4 23. Qxe4 Qf6 24. Qe8+ Kh7 25. Kc1 Nxf2 26. Kd2 Bg4 27. Qxb8 Qb2+ 28.
Ke1 Nd3+ 29. Bxd3 Bc3+ 30. Kf1 Qc1+ 31. Kf2 Qd2+ 32. Kg3 Be5# 0-1

[Event "*** Titled Tuesday Blitz"]
[Site "Chess.com"]
[Date "2021.03.30"]
[Round "6"]
[White "nrvisakh"]
[Black "Spriteball"]
[Result "1-0"]
[WhiteElo "2792"]
[BlackElo "2380"]
[TimeControl "180+1"]
[EndTime "11:04:51 PDT"]
[Termination "nrvisakh won by resignation"]

1. e4 e5 2. Nf3 Nc6 3. Nc3 Nf6 4. Bb5 Bc5 5. O-O d6 6. d4 exd4 7. Nxd4 Bd7 8. Nxc6 bxc6 9. Bd3 O-O 10. Bg5 h6 11. Bh4 Qe7 12. Kh1 Rab8 13. f4 Rxb2 14. Na4 Bd4 15.
c3 Bxc3 16. Nxc3 Qe6 17. e5 Ng4 18. Qf3 dxe5 19. f5 Qd6 20. Ne4 Qd4 21. Qxg4 Qxd3 22. Rad1 Qb5 23. a4 Qe2 24. Nf6+ Kh8 25. Qxe2 Rxe2 26.
Nxd7 Rc8 27. f6 g5 28. Bg3 Re8 29. Nxe5 R2xe5 30. Bxe5 Rxe5 31. Rd7 Kg8 32. Rxc7 1-0

[Event "*** Titled Tuesday Blitz"]
[Site "Chess.com"]
[Date "2021.03.30"]
[Round "6"]
[White "jacky72"]
[Black "Twitch_ElhamBlitz05"]
[Result "1-0"]
[WhiteElo "2721"]
[BlackElo "2862"]
[TimeControl "180+1"]
[EndTime "11:04:53 PDT"]
[Termination "jacky72 won on time"]

1. d4 Nf6 2. c4 e6 3. Nf3 c5 4. d5 exd5 5. cxd5 d6 6. Nc3 g6 7.
Nd2 Bg7 8. e4 O-O 9. Be2 Re8 10.
O-O a6 11. a4 Nbd7 12. h3 h5 13. Ra3 Rb8 14. f4 Qc7 15. Kh1 c4 16. Bxc4 Nc5 17. Qc2 Bd7 18. b4 Nxa4 19. Nxa4 Bxa4 20. Rxa4 b5 21.
Rxa6 bxc4 22. Rc6 Qd7 23. Qxc4 h4 24. e5 dxe5 25. fxe5 Rxe5 26. Bb2 Rxd5 27. Bxf6 Rxd2 28. Bxg7 Rd1 29. Be5 Re8 30. Rxg6+ Kh7 31. Rg7+ 1-0

[Event "*** Titled Tuesday Blitz"]
[Site "Chess.com"]
[Date "2021.03.30"]
[Round "6"]
[White "kingofthenil"]
[Black "Raud100"]
[Result "0-1"]
[WhiteElo "2712"]
[BlackElo "2395"]
[TimeControl "180+1"]
[EndTime "11:04:53 PDT"]
[Termination "Raud100 won by resignation"]

1. e4 d6 2. d4 Nf6 3. Nc3 g6 4. Bh6 Bxh6 5. Bc4 O-O 6. Bb3 e5 7. Nge2 Nc6 8. h3 Re8 9. O-O exd4 10. Nxd4 Nxd4 11. Qxd4 Bg7 12. Qd3 Be6 13. Rad1 Bxb3 14. axb3 Qd7 15. Rfe1 Qc6 16. Ra1 a6 17. b4 Rad8 18.
Ra5 Nd7 19. Nd5 Nb6 20. c3 Nxd5 21. Rxd5 Re5 22. Rd4 Rde8 23. Rc4 Qb5 24. Re3 c6 25. Rd4 Qxd3 26. Rdxd3 Rxe4 27. Rxe4 Rxe4 28. Kf1 d5 29. Rd1 f5 30. g3 Kf7 31. h4 h5 32. Rd3 Ke7 33. Rd1 Kd6 34. Ra1 Kc7 35. Rd1 Kb6 36. f3 Re8 37. Kf2 Kb5 38. Ra1 Kc4 39. Ra5 Kb3 40.
g4 fxg4 41. fxg4 hxg4 42. b5 axb5 43. Ra7 Re7 44. Kg3 Kxb2 45. Kxg4 Bf6 46. Ra8 Re4+ 47. Kf3 Bxh4 48. c4 bxc4 49. Rb8 b5 50. Rb6 Re6 51. Kg4 Bf2 52. Rb7 c3 53. Rf7 Be3 0-1

[Event "*** Titled Tuesday Blitz"]
[Site "Chess.com"]
[Date "2021.03.30"]
[Round "6"]
[White "Ceejay271"]
[Black "biostatistician"]
[Result "0-1"]
[WhiteElo "2334"]
[BlackElo "2539"]
[TimeControl "180+1"]
[EndTime "11:04:54 PDT"]
[Termination "biostatistician won by resignation"]

1. d4 Nf6 2. Nf3 g6 3. c4 Bg7 4. Nc3 O-O 5. e4 d6 6. Be2 e5 7. d5 a5 8. Bg5 h6 9. Be3 Ng4 10.
Bd2 f5 11. h3 Nf6 12. exf5 gxf5 13. Qc1 f4 14. g3 e4 15. Nh4 e3 16. fxe3 fxg3 17.
Ng6 Re8 18. Rg1 Nbd7 19. Rxg3 Nc5 20. Qc2 Nfe4 21. Nxe4 Nxe4 22. Rg1 Bf5 23. Bd3 Bxg6 24.
Rxg6 Qh4+ 25. Kd1 Qh5+ 26. Rg4 Nf2+ 27. Kc1 Nxg4 28. hxg4 Qxg4 29. Kb1 Qg1+ 30. Bc1 Rxe3 31.
Bh7+ Kh8 32. Bf5 Rae8 33. Be6 Re1 34. a4 Rf8 35. Ra3 Rff1 0-1

[Event "*** Titled Tuesday Blitz"]
[Site "Chess.com"]
[Date "2021.03.30"]
[Round "6"]
[White "Ali-Farahat"]
[Black "chessmadara"]
[Result "1-0"]
[WhiteElo "2413"]
[BlackElo "2211"]
[TimeControl "180+1"]
[EndTime "11:04:55 PDT"]
[Termination "Ali-Farahat won by resignation"]

1. e4 c5 2. Nf3 d6 3. c3 Nf6 4. h3 g6 5. Bd3 Bd7 6. Bc2 Bc6 7. Qe2 Bg7 8. d4 cxd4 9. cxd4 O-O 10. O-O Na6 11. Nc3 Nb4 12. Bb3 Rc8 13.
a3 Na6 14. e5 dxe5 15. dxe5 Nd5 16. Nxd5 Bxd5 17. Rd1 e6 18. Bg5 Qa5 19. Bxd5 exd5 20.
e6 fxe6 21. Qxe6+ Kh8 22. Ne5 Qc7 23. Ng4 Rce8 24. Qxd5 Rf5 25. Qd2 Nc5 26. Rac1 Qb6 27. Be3 Nb3 28. Bxb6 Nxd2 29. Rxd2 axb6 30. Rcd1 Rb5 31.
Rd8 Rf8 32. Rxf8+ Bxf8 33. b4 h5 34. Nf6 Kg7 35. Ne8+ Kf7 36. Nd6+ Bxd6 37. Rxd6 h4 38. f4 Rf5 39. Rxb6 Rxf4 40. Rxb7+ Kf6 41. a4 Kf5 42. a5 Ke4 43. a6 Ke3 44. a7 1-0

[Event "*** Titled Tuesday Blitz"]
[Site "Chess.com"]
[Date "2021.03.30"]
[Round "6"]
[White "DanilovVladimir"]
[Black "MatyChess1"]
[Result "0-1"]
[WhiteElo "2487"]
[BlackElo "2621"]
[TimeControl "180+1"]
[EndTime "11:04:58 PDT"]
[Termination "MatyChess1 won by resignation"]

1. d4 d5 2. c4 e6 3. Nc3 Bb4 4. Nf3 dxc4 5. e3 b5 6. a4 c6 7. Ne5 Bb7 8. Qf3 Qc7 9. g3 c5 10. Bg2 Bxf3 11. Bxf3 f6 12. Bxa8 fxe5 13. dxc5 Nf6 14.
axb5 O-O 15. O-O Nbd7 16. b6 axb6 17. cxb6 Qxb6 18. Bg2 Nc5 19. Bd2 Rd8 20. Rfd1 Nb3 21. Na4 Qb5 22. Bxb4 Rxd1+ 23. Rxd1 Qxb4 24. Nc3 Nc5 25.
Rd8+ Kf7 26. Rc8 Nd3 27. Bf1 e4 28. Ne2 Qe1 0-1

[Event "*** Titled Tuesday Blitz"]
[Site "Chess.com"]
[Date "2021.03.30"]
[Round "6"]
[White "KeithArkell"]
[Black "MaxLeto"]
[Result "1-0"]
[WhiteElo "2604"]
[BlackElo "2358"]
[TimeControl "180+1"]
[EndTime "11:04:58 PDT"]
[Termination "KeithArkell won by resignation"]

1. d4 h5 2. h4 d5 3. Nf3 Nf6 4. Bf4 Bf5 5. e3 e6 6. Bd3 c6 7. Bxf5 exf5 8. Nbd2 Nbd7 9. Ne5 Nxe5 10. Bxe5 Bd6 11. Nf3 O-O 12. O-O Ng4 13. Bxd6 Qxd6 14. g3 Rfe8 15. Re1 Re7 16. Qd3 g6 17. Kg2 Rae8 18. c4 Re4 19. Rac1 Kg7 20. Qb3 b6 21. cxd5 cxd5 22. Rc3 R8e7 23. Rec1 Nf6 24. Rc6 Qd8 25. Rc8 Qd6 26. Qb5 Rg4 27. Qc6 Qb4 28. Rc2 Rf4 29. gxf4 1-0